 Dungeon Crawl Stone Soup version 0.20.1-1-g8b1a95d (console) character file.

378 hilaritas the Slasher (level 6, -2/48 HPs)
             Began as a Demonspawn Fighter on Dec 13, 2017.
             Killed by divine providence
             ... invoked by an orc priest
              (13 damage)
             ... on level 3 of the Dungeon.
             The game lasted 00:06:29 (2952 turns).

hilaritas the Slasher (Demonspawn Fighter)          Turns: 2952, Time: 00:06:29

Health: -2/48      AC: 10    Str: 18    XL:     6   Next: 45%
Magic:  6/6        EV:  5    Int:  9    God:
Gold:   265        SH: 13    Dex: 13    Spells: 5/5 levels left

rFire    . . .     SeeInvis .   a - +0 long sword
rCold    . . .     Gourm    .   c - +0 shield
rNeg     . . .     Faith    .   i - +0 chain mail
rPois    .         Spirit   .   (helmet restricted)
rElec    .         Reflect  .   (no cloak)
rCorr    .         Harm     .   (no gloves)
MR       .....                  x - +0 pair of boots
Stlth    ..........             (no amulet)
Regen    0.2/turn               (no ring)
MPRegen  0.1/turn               (no ring)

@: no status effects
A: hooves 2, horns 1, large bone plates 1, powered by death 1, subdued magic 1
a: no special abilities


You were on level 3 of the Dungeon.
You were not hungry.

You visited 1 branch of the dungeon, and saw 3 of its levels.

You collected 265 gold pieces.

Inventory:

Hand Weapons
 a - a +0 long sword (weapon)
 n - a +0 dagger
 u - a +0 falchion
Missiles
 v - 2 throwing nets (quivered)
Armour
 c - a +0 shield (worn)
 i - a +0 chain mail (worn)
 q - a +0 helmet
 x - a +0 pair of boots (worn)
Jewellery
 h - an uncursed amulet of rage {unknown}
Wands
 j - a wand of confusion (0/48)
Scrolls
 e - 4 scrolls of remove curse {unknown}
 m - 6 scrolls of identify {unknown}
 o - 2 scrolls of teleportation {unknown}
 r - a scroll of fog {unknown}
Potions
 g - 2 potions of brilliance
Comestibles
 b - 3 fruits
 d - 5 chunks of flesh
 f - 3 bread rations
 p - a meat ration
 s - a royal jelly


   Skills:
 + Level 3.9 Fighting
 * Level 5.0 Long Blades
 - Level 2.6 Armour
 + Level 4.0 Shields


You had 5 spell levels left.
You didn't know any spells.

Dungeon Overview and Level Annotations

Branches:
Dungeon (3/15)

Altars:
Dithmenos


Innate Abilities, Weirdness & Mutations

You have hoof-like feet.
You are partially covered in large bone plates. (SH +4)
You regenerate a little health from kills.
You have a pair of small horns on your head.
Your spells are a little easier to cast, but a little less powerful.


Message History

Your shield and chain mail prevent you from hitting the orc priest.
You block the orc's attack. You block the orc priest's attack.
The orc hits you but does no damage.
You barely miss the orc priest. Your headbutt misses the orc priest.
The orc priest invokes the aid of Beogh against you.
Beogh smites you! You block the orc's attack. The orc priest barely misses you.
You riposte.
Your chain mail prevents you from hitting the orc priest.
You hit the orc priest.
The orc priest is moderately wounded.
You block the orc's attack.
The orc priest calls down the wrath of Beogh upon you.
Pain shoots through your body!
* * * LOW HITPOINT WARNING * * *
You hit the orc priest but do no damage.
The orc priest is moderately wounded.
You block the orc's attack.
The orc priest mumbles some strange prayers to Beogh against you.
Beogh smites you!
You die...

.. #. .## #### ..#
...### #.# ##...#
#.# ###### ####.##
#.###....#
####..###[.......#
....#..##..##..<.#
....##.....##....#
..........######@#
....####..# #oo#
....# ##... ##.#
....# #.#.# .#
....# #.#... .#
....# #># ### ..
....# .# .. ..###
#.# #..# #..


You could see an orc priest and an orc.

Vanquished Creatures
  Grinder (D:3)
  Ijyb (D:3)
  Terence (D:3)
  Robin (D:2)
  6 adders
  2 worms (D:2)
  4 dart slugs
  A leopard gecko (D:3)
  7 orcs (D:3)
  A giant cockroach (D:1)
  10 goblins
  9 hobgoblins
  2 jackals (D:2)
  6 bats
  6 frilled lizards
  5 kobolds
  2 rats
65 creatures vanquished.

Notes
Turn   | Place    | Note
-------+----------+-------------------------------------------
     0 | D:1      | hilaritas the Demonspawn Fighter began the quest for the Orb.
     0 | D:1      | Reached XP level 1. HP: 18/18 MP: 1/1
   545 | D:1      | Reached skill level 2 in Long Blades
   729 | D:1      | Gained mutation: You are partially covered in large bone plates. (SH +4) [demonic ancestry]
   729 | D:1      | Reached XP level 2. HP: 20/24 MP: 2/2
  1102 | D:2      | Reached XP level 3. HP: 13/29 MP: 3/3
  1704 | D:2      | Noticed Robin
  1730 | D:2      | Reached skill level 3 in Long Blades
  1730 | D:2      | Gained mutation: You have large cloven feet. [demonic ancestry]
  1730 | D:2      | Reached XP level 4. HP: 29/35 MP: 4/4
  1750 | D:2      | Killed Robin
  2520 | D:3      | Noticed Terence
  2535 | D:3      | Killed Terence
  2535 | D:3      | Gained mutation: You regenerate a little health from kills. [demonic ancestry]
  2535 | D:3      | Reached XP level 5. HP: 41/41 MP: 5/5
  2587 | D:3      | Noticed Grinder
  2610 | D:3      | Paralysed by Grinder for 4 turns
  2620 | D:3      | Killed Grinder
  2620 | D:3      | Reached skill level 4 in Long Blades
  2620 | D:3      | Gained mutation: You have hoof-like feet. [demonic ancestry]
  2620 | D:3      | Reached XP level 6. HP: 19/48 MP: 6/6
  2621 | D:3      | Found a shadowy altar of Dithmenos.
  2812 | D:3      | Noticed Ijyb
  2846 | D:3      | Gained mutation: Your spells are a little easier to cast, but a little less powerful. [potion of mutation]
  2846 | D:3      | Gained mutation: You have a pair of small horns on your head. [potion of mutation]
  2858 | D:3      | Killed Ijyb
  2858 | D:3      | Reached skill level 5 in Long Blades
  2952 | D:3      | Killed from afar by an orc priest

Skill      XL: |  1  2  3  4  5  6 |
---------------+-------------------+-----
Long Blades    | 2 3 4 5 |  5.0
Shields        | 3 4 |  4.0
Fighting       | |  3.9
Armour         | |  2.6

Action                   |  1- 3 |  4- 6 || total
-------------------------+-------+-------++-------
Melee: Long sword        |   140 |   145 ||   285
       Kick              |       |    30 ||    30
       Headbutt          |       |     3 ||     3
  Use: Potion            |       |     6 ||     6
  Eat: Chunk             |     3 |     4 ||     7
Armor: Chain mail        |   113 |   112 ||   225
       Scale mail        |     1 |       ||     1
Dodge: Dodged            |    25 |    35 ||    60
Block: Shield            |   125 |   116 ||   241
       Rpst.: Long sword |     7 |     8 ||    15
